 Dungeon Crawl Stone Soup version 0.25.1-2-g60ff931df9 (webtiles) character file.

Game seed: 17143618505039357638

121 Curus the Poker (level 4, -1/39 HPs)
             Began as a Minotaur Fighter on Aug 15, 2020.
             Killed by divine providence
             ... invoked by an orc priest
              (14 damage)
             ... on level 3 of the Dungeon.
             The game lasted 00:10:36 (2257 turns).

Curus the Poker (Minotaur Fighter)                  Turns: 2257, Time: 00:10:36

Health: -1/39      AC:  9    Str: 19 (21) XL:     4   Next: 77%
Magic:  3/3        EV:  7    Int:  6      God:
Gold:   84         SH:  8    Dex:  7 (9)  Spells: 3/3 levels left

rFire    . . .     SeeInvis .   a - +0 trident
rCold    . . .     Gourm    .   c - +0 kite shield
rNeg     . . .     Faith    .   b - +0 scale mail
rPois    .         Spirit   .   (helmet restricted)
rElec    .         Reflect  .   l - +0 cloak
rCorr    .         Harm     .   (no gloves)
MR       .....                  h - +0 pair of boots
Stlth    ..........             (no amulet)
HPRegen  0.13/turn              (no ring)
MPRegen  0.08/turn              (no ring)

@: no status effects
A: retaliatory headbutt, horns 2
a: no special abilities


You were on level 3 of the Dungeon.
You were hungry.

You visited 1 branch of the dungeon, and saw 3 of its levels.

You collected 84 gold pieces.

Inventory:

Hand Weapons
 a - a +0 trident (weapon)
Armour
 b - a +0 scale mail (worn)
 c - a +0 kite shield (worn)
 h - a +0 pair of boots (worn)
 l - a +0 cloak (worn)
Scrolls
 e - a scroll of blinking
 g - 3 scrolls of teleportation
 n - 2 scrolls of fog
Potions
 d - a potion of might
 i - a potion of curing
Comestibles
 f - 8 rations
 j - 9 chunks of flesh


   Skills:
 - Level 3.6 Fighting
 + Level 6.1 Polearms
 - Level 3.6 Armour
 - Level 3.6 Shields


You had 3 spell levels left.
You didn't know any spells.
Your spell library was empty.

Dungeon Overview and Level Annotations

Branches:
Dungeon (3/15)

Altars:
Kikubaaqudgha

Annotations:
D:3 2 runed translucent doors, Quickbrownfox's ghost, amateur MfVM


Innate Abilities, Weirdness & Mutations

You reflexively headbutt those who attack you in melee.
You have a pair of horns on your head.


Message History

The kobold hits you.
Your shield and scale mail prevent you from hitting the adder.
Your headbutt misses the adder.
The adder is severely wounded.
The adder bites you but does no damage. The orc hits you.
The orc priest looks braver for a moment.
The orc hits you with a +0 flail. The orc hits you with a +0 club.
The adder barely misses you. The kobold hits you but does no damage.
You closely miss the adder. Your headbutt misses the adder.
The adder is severely wounded.
You are feeling hungry.
The orc hits you. The adder bites you but does no damage.
The orc hits you but does no damage. You block the orc's attack.
The kobold barely misses you. The orc hits you but does no damage.
You closely miss the adder. Your headbutt misses the adder.
The adder is heavily wounded.
The orc hits you. You block the adder's attack.
The orc priest mumbles some strange prayers to Beogh against you.
Beogh smites you!
You die...

***********,*,#.))))).#
,,,,,,,,,,,>*,#.#######
,*****,*****#,#.########
,* *,* #.#........# ,*
*,**####'########.# ,*
*,**........# #.# ,*
#.**........#####.# ,*
#.#*......Soo(....# ,*
#.#*...%.oo@####### ,*
#.#*......Ko# ,*
#.#*...##+### ,*
#.#*.o,#WlS* ,*
###.##,,,#≈≈s* ,*
#....#***#≈≈≈* ,**#.<..#
#≈≈≈* ..*#....# #≈(≈*
#.*#....# *≈≈≈*


You could see an orc priest, Quickbrownfox's ghost, an adder, 4 orcs, a leopard
gecko, a giant cockroach, a ball python and a kobold.

Vanquished Creatures
  An orc priest (D:3)
  An adder (D:3)
  A worm (D:3)
  6 dart slugs
  7 orcs (D:3)
  4 bat zombies (D:2)
  5 giant cockroaches
  11 goblins
  5 hobgoblins
  5 bats
  A frilled lizard (D:1)
  7 kobolds
  4 rats
58 creatures vanquished.

Notes
Turn   | Place    | Note
-------+----------+-------------------------------------------
     0 | D:1      | Curus the Minotaur Fighter began the quest for the Orb.
     0 | D:1      | Reached XP level 1. HP: 19/19 MP: 0/0
    88 | D:1      | Reached skill level 3 in Polearms
   208 | D:1      | Reached XP level 2. HP: 26/26 MP: 1/1
   469 | D:1      | Reached skill level 4 in Polearms
   873 | D:2      | Reached XP level 3. HP: 31/31 MP: 2/2
   902 | D:2      | Found an ancient bone altar of Kikubaaqudgha.
  1884 | D:3      | Reached skill level 5 in Polearms
  1998 | D:3      | Reached XP level 4. HP: 39/39 MP: 3/3
  2007 | D:3      | Found a runed translucent door.
  2119 | D:3      | Reached skill level 6 in Polearms
  2234 | D:3      | Found a runed translucent door.
  2235 | D:3      | Noticed Quickbrownfox's ghost (amateur MfVM)
  2257 | D:3      | Killed from afar by an orc priest

Illustrated notes

Levels and vault maps discovered:
D:1:      onia_arrival_pentagram, layout_basic
D:2:      layout_loops_corners, lemuel_zombie_altar_kikubaaqudgha, first_ration,
          minmay_stone_trees_small
D:3:      layout_basic, ebering_ghost_sewer_f

Skill      XL: |  1  2  3  4 |
---------------+-------------+-----
Polearms       | 3 4 5 6 |  6.1
Fighting       | |  3.6
Armour         | |  3.6
Shields        | |  3.6

Action                   |  1- 3 |  4- 6 || total
-------------------------+-------+-------++-------
Melee: Trident           |   122 |    59 ||   181
       Headbutt          |    14 |     3 ||    17
  Use: Scroll            |     6 |     3 ||     9
       Potion            |     3 |     1 ||     4
  Eat: Chunk             |     3 |     1 ||     4
Armor: Scale mail        |    38 |    44 ||    82
Dodge: Dodged            |    29 |    35 ||    64
Block: Kite shield       |    38 |    35 ||    73
